 Dungeon Crawl Stone Soup version 0.29-a0-337-g68df138881 (webtiles) character file.

Game seed: 3348190860416532139

1442 Dauddaud the Cleaver (level 8, -10/96 HPs)
             Began as a Minotaur Berserker on Apr 17, 2022.
             Was a Priest of Trog.
             Mangled by a boulder beetle (15 damage)
             ... on level 6 of the Dungeon.
             The game lasted 00:09:43 (3700 turns).

Dauddaud the Cleaver (Minotaur Berserker)           Turns: 3700, Time: 00:09:43

Health: -10/96     AC: 13    Str: 23    XL:     8   Next: 46%
Magic:  7/7        EV:  7    Int:  4    God:    Trog [***...]
Gold:   279        SH:  0    Dex: 11    Spells: 7/7 levels left

rFire   . . .      SeeInvis .   a - +0 hand axe
rCold   . . .      Faith    .   (no shield)
rNeg    . . .      Spirit   .   y - +0 plate armour
rPois   .          Reflect  .   (helmet restricted)
rElec   .          Harm     .   (no cloak)
rCorr   .          Rampage  .   k - +1 pair of gloves
Will    +....                   (no boots)
Stlth   ..........              c - amulet of regeneration
HPRegen 1.06/turn               n - ring of willpower
MPRegen 0.10/turn               s - ring of flight {Strength}

@: berserking, flying, very quick
A: horns 2, retaliatory headbutt
a: Renounce Religion, Berserk, Trog's Hand


You were on level 6 of the Dungeon.
You worshipped Trog.
Trog was most pleased with you.
You visited 1 branch of the dungeon, and saw 6 of its levels.

You collected 279 gold pieces.

Inventory:

Hand Weapons
 a - a +0 hand axe (weapon)
Armour
 b - a +0 animal skin
 k - a +1 pair of gloves (worn)
 t - a +0 ring mail
 y - a +0 plate armour (worn)
Jewellery
 c - an amulet of regeneration (around neck)
 l - an amulet of magic regeneration
 n - a ring of willpower (left hand)
 s - a ring of flight (right hand) {Strength}
 x - an amulet of reflection
Wands
 q - a wand of flame (14)
 B - a wand of polymorph (8)
 D - a wand of paralysis (12)
Scrolls
 d - 4 scrolls of vulnerability
 e - a scroll of summoning {unknown}
 g - a scroll of fog
 o - a scroll of noise
 u - 2 scrolls of teleportation
 v - 2 scrolls of enchant armour
 A - a scroll of immolation
Potions
 f - 2 potions of curing {unknown}
 h - a potion of degeneration {unknown}
 i - 4 potions of magic {unknown}
 j - a potion of cancellation {unknown}
 m - a potion of berserk rage {unknown}
 p - a potion of haste {unknown}
 r - a potion of attraction {unknown}
 w - 2 potions of invisibility {unknown}
 z - a potion of flight {unknown}
 C - a potion of heal wounds {unknown}


   Skills:
 - Level 3.6 Fighting
 * Level 12.8 Axes
 - Level 2.4 Armour
 - Level 2.1 Dodging
 + Level 1.0 Evocations


You had 7 spell levels left.
You didn't know any spells.
Your spell library was empty.

Dungeon Overview and Level Annotations

Branches:
Dungeon (6/15)             Temple (0/1) D:4

Altars:
Cheibriados
Fedhas
Okawaru


Innate Abilities, Weirdness & Mutations

You have a pair of horns on your head.
You reflexively headbutt those who attack you in melee.


Message History

The electric eel shoots out a bolt of lightning at you!
The bolt of electricity hits you.
You see here an electric eel corpse.
You slash the electric eel!
The electric eel is severely wounded.
You hit the electric eel. Your headbutt misses the electric eel.
The electric eel is severely wounded.
You slash the electric eel!
You kill the electric eel!
Trog accepts your kill.
You hear a splash.
Your Evocations skill increases to level 1!
You see here an electric eel corpse.
Found a stone staircase leading down.
A boulder beetle comes into view.
The boulder beetle leaps!
A boulder beetle is nearby!
The boulder beetle curls into a ball and begins rolling!
The boulder beetle hits you!!!
Ouch! That really hurt!
The boulder beetle stops rolling and uncurls.
You are too injured to fight recklessly!
You are too injured to fight recklessly!
A red film seems to cover your vision as you go berserk!
You feel yourself moving faster!
You feel mighty! The boulder beetle bites you!
* * * LOW HITPOINT WARNING * * *
You hit the boulder beetle but do no damage.
You headbutt the boulder beetle!
The boulder beetle is lightly wounded.
You hit the boulder beetle. You headbutt the boulder beetle!
The boulder beetle is moderately wounded.
The boulder beetle bites you!!
* * * LOW HITPOINT WARNING * * *
You hit the boulder beetle.
The boulder beetle is heavily wounded.
You hit the boulder beetle but do no damage.
You headbutt the boulder beetle, but do no damage.
The boulder beetle is heavily wounded.
The boulder beetle bites you!
You die...

#≈ #≈
#++######################### #≈
....≈≈≈≈≈≈≈≈≈≈≈≈≈≈≈≈≈≈≈≈≈≈≈#####≈
....≈≈≈≈≈≈≈≈≈≈≈≈≈≈≈≈≈≈≈≈≈≈≈≈≈≈≈≈≈
.....≈≈≈≈≈≈≈≈≈≈≈≈≈≈≈≈≈≈≈≈≈≈≈≈≈≈≈≈
.....≈≈.≈.≈..≈.≈.≈≈≈.≈.≈.†....≈≈.
.................................
................@........†.......
.........##....B...######..#####.
####.####..........#.............
###...## ###.......#.#........###
##.....## #.......>#.#.########
#.......# ####...#.#..........
........... #######....######
........... #..#..# ............
#..#..#


You could see a boulder beetle.

Vanquished Creatures
  Sigmund (D:5)
  Eustachio (D:4)
  A swamp drake (D:6)
  2 ice beasts (D:5)
  A centaur (D:5)
  A scorpion (D:5)
  An electric eel (D:6)
  3 hounds
  2 orc priests (D:5)
  A jelly (D:4)
  Ijyb (D:5)
  5 iguanas
  6 orc wizards
  3 gnolls (D:5)
  9 adders
  A shadow imp (D:5)
  A white imp (D:6)
  2 worms (D:2)
  2 dart slugs
  9 orcs
  10 endoplasms
  2 giant cockroaches
  11 goblins
  3 hobgoblins
  6 jackals
  4 quokkas
  6 ball pythons
  2 bats (D:2)
  4 frilled lizards (D:1)
  16 kobolds
  4 rats
121 creatures vanquished.

Vanquished Creatures (others)
  A bush (D:5)
1 creature vanquished.

Grand Total: 122 creatures vanquished

Notes
Turn   | Place    | Note
-------+----------+-------------------------------------------
     0 | D:1      | Dauddaud the Minotaur Berserker began the quest for the
                  | Orb.
     0 | D:1      | Reached XP level 1. HP: 19/19 MP: 0/0
    95 | D:1      | Reached skill level 4 in Axes
   287 | D:1      | Reached XP level 2. HP: 19/26 MP: 1/1
   780 | D:2      | Reached skill level 5 in Axes
   780 | D:2      | Reached XP level 3. HP: 30/31 MP: 2/2
   785 | D:2      | Reached ** piety under Trog
   892 | D:2      | Noticed a golden eye
   894 | D:2      | Found a faded altar of an unknown god.
   896 | D:2      | Noticed a shining eye
   896 | D:2      | Noticed a golden eye
   896 | D:2      | Noticed a floating eye
  1192 | D:3      | Reached skill level 6 in Axes
  1192 | D:3      | Reached XP level 4. HP: 24/39 MP: 3/3
  1620 | D:4      | Reached XP level 5. HP: 36/45 MP: 4/4
  1641 | D:4      | Reached skill level 7 in Axes
  1650 | D:4      | Noticed Eustachio
  1684 | D:4      | Killed Eustachio
  1685 | D:4      | Reached skill level 8 in Axes
  1685 | D:4      | Reached XP level 6. HP: 39/51 MP: 5/5
  1729 | D:4      | Found a staircase to the Ecumenical Temple.
  1793 | D:4      | Found a blossoming altar of Fedhas.
  1794 | D:4      | Found a snail-covered altar of Cheibriados.
  2184 | D:5      | Entered Level 5 of the Dungeon
  2190 | D:5      | Reached *** piety under Trog
  2191 | D:5      | Reached skill level 9 in Axes
  2353 | D:5      | Noticed an ice beast
  2364 | D:5      | Killed an ice beast
  2365 | D:5      | Reached XP level 7. HP: 46/57 MP: 6/6
  2567 | D:5      | Reached skill level 10 in Axes
  2577 | D:5      | Noticed Ijyb
  2607 | D:5      | Killed Ijyb
  2692 | D:5      | Reached skill level 11 in Axes
  2715 | D:5      | Noticed Sigmund
  2732 | D:5      | Killed Sigmund
  2733 | D:5      | Reached XP level 8. HP: 56/64 MP: 7/7
  2756 | D:5      | Reached skill level 12 in Axes
  2800 | D:5      | Found an iron altar of Okawaru.
  2968 | D:5      | HP: 1/96 [centaur/arrow (6)]
  3684 | D:6      | Reached skill level 1 in Evocations
  3693 | D:6      | Noticed a boulder beetle
  3698 | D:6      | HP: 4/96 [boulder beetle (24)]
  3700 | D:6      | Mangled by a boulder beetle

Illustrated notes

Levels and vault maps discovered:
D:1:      spicycebolla_arrival_xxxplode, layout_rooms, minmay_heptomino_d4
D:2:      layout_basic, hellmonk_ecumenical_altar_watching_god, st_stairs_6,
          minmay_misc_feat_chi
D:3:      layout_rooms, nicolae_concentric_dashed_squares_mild
D:4:      layout_rooms, gammafunk_temple_overflow_statue,
          minmay_temple_entry_glass, uniq_eustachio
D:5:      layout_basic, okawaru_altar_gauntlet_db, kb_lookout_dungeons_type,
          serial_bayou_pond_a, uniq_ijyb, uniq_sigmund
D:6:      minmay_goblin_kobold_castle, layout_basic,
          mainiacjoe_overflow_tiny_flanked, serial_shops, nicolae_stop_n_shop_1,
          nicolae_figureground_pulse

Skill      XL: |  1  2  3  4  5  6  7  8 |
---------------+-------------------------+-----
Axes           | 4 5 6 8 9 11 12 | 12.8
Evocations     | 1 |  1.0
Fighting       | |  3.6
Armour         | |  2.4
Dodging        | |  2.1

Action                   |  1- 3 |  4- 6 |  7- 9 || total
-------------------------+-------+-------+-------++-------
Melee: Hand axe          |    77 |   140 |   197 ||   414
       Headbutt          |    11 |    17 |    37 ||    65
       Punch             |       |     2 |     2 ||     4
Invok: Berserk           |       |     1 |     2 ||     3
Evoke: Wand              |       |       |     4 ||     4
  Use: Scroll            |       |       |     6 ||     6
 Stab: Sleeping          |     2 |       |       ||     2
Armor: Animal skin       |    12 |     2 |       ||    14
       Ring mail         |       |    50 |       ||    50
       Plate armour      |       |       |    87 ||    87
Dodge: Dodged            |    41 |    67 |    41 ||   149

Table legend: (Time is in decaauts)
 A = Elapsed time spent in this place.
 B = Non-inter-level travel time spent in this place.
 C = Inter-level travel time spent in this place.
 D = Time resting spent in this place.
 E = Time spent auto-exploring this place.
 F = Levels seen in this place.
 G = Mean time per level.
                   A        B        C        D        E       F      G
               +--------+--------+--------+--------+--------+-----+--------+
         Total |   3658 |   3584 |     74 |    406 |   2359 |   6 |  609.7 |
       Dungeon |   3658 |   3584 |     74 |    406 |   2359 |   6 |  609.7 |
               +--------+--------+--------+--------+--------+-----+--------+

Top non-repeatable levels by time:
     D:5: 1161 daAuts
     D:1: 767 daAuts
     D:4: 569 daAuts
     D:3: 424 daAuts
     D:2: 417 daAuts
     D:6: 318 daAuts
